 Dungeon Crawl Stone Soup version 0.20-a0-38-g7d30548 (webtiles) character file.

45 Demogavin the Firebug (level 3, -1/27 HPs)
             Began as a Demigod Fire Elementalist on Nov 10, 2016.
             Slain by CanOfBees's ghost (4 damage)
             ... on level 4 of the Dungeon.
             The game lasted 00:05:23 (850 turns).

Demogavin the Firebug (Demigod Fire Elementalist)    Turns: 850, Time: 00:05:23

Health: -1/27      AC:  3    Str: 11    XL:     3   Next: 25%
Magic:  8/8        EV: 12    Int: 21    God:
Gold:   95         SH:  0    Dex: 16    Spells: 2 memorised, 3 levels left

rFire  . . .     SeeInvis .     f - wand of random effects (0/48)
rCold  . . .     Gourm    .     a - +1 robe
rNeg   . . .     Faith    .     (no shield)
rPois  .         Spirit   .     (no helmet)
rElec  .         Reflect  .     (no cloak)
rCorr  .         Harm     .     (no gloves)
MR     .....                    (no boots)
Stlth  ++........               (no amulet)
                                (no ring)
                                (no ring)

@: no status effects
A: high mp 1
a: no special abilities


You were on level 4 of the Dungeon.
You were not hungry.

You visited 1 branch of the dungeon, and saw 4 of its levels.

You collected 95 gold pieces.

Inventory:

Missiles
 e - 2 needles of sleeping
Armour
 a - a +1 robe (worn)
Wands
 f - a wand of random effects (0/48) (in hand)
Scrolls
 g - a scroll of identify
Books
 b - a book of Flames

   Spells                             Type                      Level
   a - Flame Tongue                   Conjuration/Fire             1
   b - Throw Flame                    Conjuration/Fire             2
   c - Conjure Flame                  Conjuration/Fire             3
   d - Inner Flame                    Hexes/Fire                   3
   e - Sticky Flame                   Conjuration/Fire             4
   f - Fireball                       Conjuration/Fire             5
Comestibles
 c - a bread ration
 d - a meat ration


   Skills:
 + Level 0.3 Fighting
 + Level 1.9 Dodging
 + Level 2.0 Stealth
 + Level 2.1 Spellcasting
 + Level 1.1 Conjurations
 + Level 3.5 Fire Magic


You had 3 spell levels left.
You knew the following spells:

 Your Spells              Type           Power        Failure   Level  Hunger
a - Flame Tongue          Conj/Fire      ##...        8%          1    #......
b - Throw Flame           Conj/Fire      ##....       12%         2    ##.....


Dungeon Overview and Level Annotations

Branches:
Dungeon (4/15)             Temple (0/1) D:4

Annotations:
D:4 CanOfBees's ghost, amateur MiFi; Menkaure


Innate Abilities, Weirdness & Mutations

You have an increased reservoir of magic. (+10% MP)


Message History

Pain shoots through your body!
* * * LOW HITPOINT WARNING * * *
Found a scroll of identify.
You see here a scroll of identify.
g - a scroll of identify Menkaure casts a spell.
Menkaure seems to speed up.
Menkaure gestures wildly while chanting.
Found 19 bolts.
CanOfBees's ghost (amateur Minotaur Fighter) comes into view.
CanOfBees's ghost turns its malevolent gaze towards you.
Found a stormy altar of Qazlal.
You don't have any unidentified items.
Menkaure calls on the powers of darkness!
Your body is wracked with pain!
* * * LOW HITPOINT WARNING * * *
CanOfBees's ghost says, "What do you have that I didn't have?"
You clumsily bash CanOfBees's ghost but do no damage.
CanOfBees's ghost hits you.
You die...

### ### ##.# #.#
##..## ##.# ##....#
#..## #....#
###...## ##
.....####......##.#
.................#
...........(.....#
...........M...W@#
..........^.§.§..#
.......≈....^#^#^#
#..###.###...###.#
#..# #≈# #..^.≈#§.
..## #...≈§§.≈≈^≈.#
..# ...§§§§.......
..# ≈. .... ..#


You could see Menkaure and CanOfBees's ghost.

Vanquished Creatures
  A jelly (D:4)
  An adder (D:2)
  A dart slug (D:2)
  2 ball pythons (D:4)
  2 frilled lizards
7 creatures vanquished.

Notes
Turn   | Place    | Note
-------+----------+-------------------------------------------
     0 | D:1      | Demogavin the Demigod Fire Elementalist began the quest for the Orb.
     0 | D:1      | Reached XP level 1. HP: 14/14 MP: 5/5
   255 | D:2      | Reached skill level 3 in Fire Magic
   255 | D:2      | Reached XP level 2. HP: 11/20 MP: 1/7
   299 | D:4      | Learned a level 2 spell: Throw Flame
   335 | D:4      | Found a staircase to the Ecumenical Temple.
   353 | D:4      | HP: 1/20 [hound (2)]
   614 | D:4      | Reached skill level 1 in Conjurations
   614 | D:4      | Reached XP level 3. HP: 16/27 MP: 8/8
   809 | D:4      | Noticed a hungry ghost
   810 | D:4      | Noticed Menkaure
   839 | D:4      | Noticed CanOfBees's ghost (amateur MiFi)
   840 | D:4      | Found a stormy altar of Qazlal.
   850 | D:4      | Slain by CanOfBees's ghost

Vault maps used:
D:1:      lemuel_arrival_rhombus
D:2:      nicolae_overflow_quartered_altars, minmay_distorted, uniq_robin
D:3:      first_bread, minmay_misc_feat_nine_boxes
D:4:      nicolae_overflow_hidden_temple, grunt_qazlal_sundering, uniq_menkaure

Skill      XL: |  1  2 |
---------------+-------+-----
Spellcasting   | 2 |  2.1
Fire Magic     | 3 |  3.5
Stealth        | 2 |  2.0
Conjurations   | 1 |  1.1
Fighting       | |  0.3
Dodging        | |  1.9

Action                   || total
-------------------------++-------
Melee: Unarmed           ||     7
 Cast: Flame Tongue      ||     9
       Throw Flame       ||     3
Evoke: Wand              ||     3
  Use: Scroll            ||     6
       Potion            ||     1
 Stab: Sleeping          ||     1
Armor: Robe              ||    17
Dodge: Dodged            ||    34
